 Dungeon Crawl Stone Soup version 0.29.1-15-g9cfb28693d (webtiles) character file.

Game seed: 2827830242815505916

35 LustLizard the Shield-Bearer (level 3, -2/36 HPs)
             Began as a Troll Fighter on Apr 11, 2023.
             Slain by Grinder (9 damage)
             ... on level 4 of the Dungeon.
             The game lasted 00:03:58 (1425 turns).

LustLizard the Shield-Bearer (Troll Fighter)        Turns: 1425, Time: 00:03:58

Health: -2/36      AC:  7    Str: 22    XL:     3   Next: 16%
Magic:  2/2        EV:  8    Int:  4    God:
Gold:   67         SH:  7    Dex:  9    Spells: 2/2 levels left

rFire   + . .      SeeInvis .     - Unarmed
rCold   . . .      Faith    .   b - +0 kite shield
rNeg    . . .      Spirit   .   j - +3 robe of Gugojen {rPois Str-2 Archmagi}
rPois   +          Reflect  .   (helmet restricted)
rElec   .          Harm     .   (no cloak)
rCorr   .          Rampage  .   (gloves unavailable)
Will    +....      Archmagi +   (boots unavailable)
Stlth   +.........              (no amulet)
HPRegen 0.92/turn               (no ring)
MPRegen 0.08/turn               (no ring)

@: no status effects
A: large, unfitting armour, claws 3, regeneration 1, shaggy fur 1, tough skin 1,
dopey 1, fire resistance 1, strong-willed 1
a: no special abilities


You were on level 4 of the Dungeon.
You visited 1 branch of the dungeon, and saw 3 of its levels.

You collected 67 gold pieces.

Inventory:

Armour
 a - a +0 robe
 b - a +0 kite shield (worn)
 j - the +3 robe of Gugojen (worn) {rPois Str-2 Archmagi}
   (You found it on level 2 of the Dungeon)

   Str:       It affects your strength (-2).
   rPois:     It protects you from poison.
   Archmagi:  It increases the power of your magical spells.
Jewellery
 h - a ring of magical power
Wands
 n - a wand of digging (5)
Scrolls
 k - 2 scrolls of identify {unknown}
 l - a scroll of summoning {unknown}
 m - a scroll of vulnerability {unknown}
 o - a scroll of magic mapping {unknown}
Potions
 c - a potion of might
 e - a potion of ambrosia {unknown}
 f - a potion of haste {unknown}
 g - a potion of flight {unknown}
 i - a potion of berserk rage {unknown}
 p - a potion of curing {unknown}


   Skills:
 + Level 2.7 Fighting
 - Level 2.4 Dodging
 + Level 3.0 Shields
 * Level 2.9 Unarmed Combat


You had 2 spell levels left.
You didn't know any spells.
Your spell library contained the following spells:

 Spells                   Type           Power      Damage    Failure   Level
 Ensorcelled Hibernation  Hex/Ice        0%         N/A       90%         2
 Static Discharge         Conj/Air       0%         3-3/arc   90%         2
 Ozocubu's Armour         Ice            0%         N/A       99%         3
 Spider Form              Tmut/Pois      0%         N/A       99%         3
 Anguish                  Hex/Necr       0%         N/A       100%        4
 Dispel Undead            Necr           0%         3d6       100%        4
 Sticky Flame             Conj/Fire      0%         2d3       100%        4
 Dispersal                Tloc           0%         N/A       100%        6
 Ozocubu's Refrigeration  Ice            0%         4d7       100%        7
 Disjunction              Tloc           0%         N/A       100%        8


Dungeon Overview and Level Annotations

Branches:
Dungeon (4/15)
 Temple: D:4-7

Altars:

Annotations:
D:4 Grinder


Innate Abilities, Weirdness & Mutations

You are too large for most types of armour.
You have claws for hands.
Your natural rate of healing is unusually fast.
You are covered in fur. (AC +1)
You have tough skin. (AC +1)
You are dopey. (Int -2)
Your flesh is heat resistant. (rF+)
You are strong-willed. (Will+)


Message History

You completely miss Grinder.
Grinder is moderately wounded.
You block Grinder's attack.
You claw Grinder!
Grinder is heavily wounded.
Grinder completely misses you.
You barely miss Grinder.
Grinder is heavily wounded.
Grinder blinks!
Found a clear potion.
There is a shaft here.
Grinder gestures at you.
You suddenly lose the ability to move!
Grinder gestures at you. Pain shoots through your body!
Grinder gestures at you. Pain shoots through your body!
Grinder gestures at you. Pain shoots through your body!
* * * LOW HITPOINT WARNING * * *
Grinder gestures at you. You resist with significant effort.
You can move again.
Grinder gestures at you. Pain shoots through your body!
* * * LOW HITPOINT WARNING * * *
Unknown command.
Grinder says, "Tell me all your secrets, or I'll kill you."
It was a potion of mutation.
You feel extremely strange.
You feel stupid.
You feel resistant to heat.
You feel strong-willed. Grinder gestures at you.
You easily resist.
Grinder hits you.
* * * LOW HITPOINT WARNING * * *
You writhe in agony.
* * * LOW HITPOINT WARNING * * *
You claw Grinder!
Grinder is almost dead.
Grinder hits you!
You die...

#.##.....#
#.##.....#
#.##.....+ .
#.##.(...## ..
#.##.#........
#.#.....##.!#
#.#........#
#.#.....#
#.#..5@.#.
####..............
#...##.###.#.#####
#...##.......#
#...######.###
#..5# ... #...#
### #...# #...#


You could see Grinder.

Vanquished Creatures
  A dart slug (D:1)
  2 giant cockroaches (D:2)
  3 hobgoblins
  2 jackals (D:1)
  4 kobolds
  2 quokkas (D:1)
  3 ball pythons (D:1)
  8 bats
  A frilled lizard (D:1)
  5 rats
31 creatures vanquished.

Notes
Turn   | Place    | Note
-------+----------+-------------------------------------------
     0 | D:1      | LustLizard the Troll Fighter began the quest for the Orb.
     0 | D:1      | Reached XP level 1. HP: 22/22 MP: 0/0
   187 | D:1      | Reached XP level 2. HP: 27/29 MP: 1/1
   332 | D:1      | Found a faded altar of an unknown god.
   969 | D:2      | Identified the +3 robe of Gugojen {rPois Str-2 Archmagi}
  1020 | D:2      | Reached skill level 3 in Shields
  1227 | D:2      | Reached XP level 3. HP: 36/36 MP: 2/2
  1378 | D:2      | You fall into a shaft and drop 2 floors!
  1397 | D:4      | Noticed Grinder
  1397 | D:4      | Noticed a scorpion
  1415 | D:4      | Paralysed by Grinder for 5 turns
  1423 | D:4      | Gained mutation: You are dopey. (Int -2) [potion of
                  | mutation]
  1423 | D:4      | Gained mutation: Your flesh is heat resistant. (rF+)
                  | [potion of mutation]
  1423 | D:4      | Gained mutation: You are strong-willed. (Will+) [potion of
                  | mutation]
  1425 | D:4      | Slain by Grinder

Illustrated notes

Levels and vault maps discovered:
D:1:      matt_arrival_los_fun, layout_basic,
          dreamdust_ecumenical_altar_hidden_monk_grotto
D:2:      layout_loops_cross, uniq_natasha
D:4:      cheibrodos_greedy_goblins, layout_basic, nicolae_shop_fire_sale
          [nicolae_sub_dead_trees], chequers_mini_garden,
          minmay_misc_feat_cross, kennysheep_nondescript, uniq_grinder,
          uniq_eustachio

Skill      XL: |  1  2 |
---------------+-------+-----
Shields        | 3 |  3.0
Fighting       | |  2.7
Dodging        | |  2.4
Unarmed Combat | |  2.9

Action                   || total
-------------------------++-------
Melee: Unarmed           ||    84
  Use: Potion            ||     1
Armor: Robe              ||    35
Dodge: Dodged            ||    34
Block: Kite shield       ||    31
